[Event "Titled Tuesday Blitz August 31 2021"]
[White "Ibrahimli, Murad"]
[Black "Harshavardhan G B"]
[WhiteFideId "13410229"]
[BlackFideId "25059009"]
[WhiteElo "2109"]
[BlackElo "1825"]
[Result "1-0"]
[Round "05"]
[TimeControl "180+1"]
[Date "2021.08.31"]
[WhiteClock "0:00:08"]
[BlackClock "0:00:26"]

1. Nf3 Nc6 2. e4 e5 3. Bb5 Nf6 4. d3 d6 5. O-O g6 6. c4 Bg7 7. Nc3 O-O 8. h3 Nh5 9. Bxc6 bxc6 10. d4 Qe7 11. Re1 f5 12. dxe5 dxe5 13. exf5 Bxf5 14. Qa4 Bxh3 15. Qxc6 Bd7 16. Nd5 Qd6 17. Qxc7 Qxc7 18. Nxc7 Rac8 19. Nd5 Rxc4 20. b3 Rc2 21. Ba3 e4 22. Bxf8 Bxa1 23. Rxa1 Kxf8 24. Ng5 Bf5 25. Ne3 Rc8 26. g4 h6 27. Nh3 Rc5 28. gxf5 gxf5 29. Rd1 Nf6 30. Rd6 Ke7 31. Ra6 Nh5 32. Rxa7+ Kf6 33. Ra6+ Kg7 34. b4 Rc1+ 35. Kh2 f4 36. Nf5+ Kg8 37. Rxh6 e3 38. fxe3 Rc2+ 39. Kg1 fxe3 40. Nxe3 Rc1+ 41. Kf2 Ng7 42. Nf4 Ra1 43. Ra6 Ne8 44. Ra8 Kf7 45. Ra7+ Kf6 46. Nfd5+ Ke5 47. b5 Nd6 48. b6 Rb1 49. a4 Ne4+ 50. Kf3 Nd2+ 51. Ke2 Ne4 52. a5 Kd4 53. Rd7 Nc5 54. Rd8 Ke4 55. Nc3+ Kf4 56. Nxb1 1-0


[Site "https://www.chess.com"]

[Event "Titled Tuesday Blitz August 31 2021"]
[White "Iskusnyh, Sergei"]
[Black "Molina, Roberto Junio Brito"]
[WhiteFideId "4120027"]
[BlackFideId "2109450"]
[WhiteElo "2492"]
[BlackElo "2402"]
[Result "1-0"]
[Round "05"]
[TimeControl "180+1"]
[Date "2021.08.31"]
[WhiteClock "0:00:17"]
[BlackClock "0:00:02"]

1. d4 d5 2. c4 c6 3. Nf3 Nf6 4. e3 Bf5 5. Nc3 e6 6. Nh4 Be4 7. f4 h6 8. Nf3 Bxf3 9. Qxf3 Nbd7 10. Bd3 Be7 11. O-O O-O 12. Bd2 a6 13. c5 b6 14. b4 a5 15. a3 Qc7 16. Rfc1 axb4 17. axb4 bxc5 18. bxc5 Rfb8 19. Qd1 g6 20. Qc2 Kg7 21. h3 h5 22. Rcb1 Rxb1+ 23. Rxb1 Rb8 24. Ra1 Qb7 25. Qa4 Qc7 26. Ra2 h4 27. Kh2 g5 28. Kg1 gxf4 29. exf4 Nh5 30. Ne2 Bf6 31. Be3 Nf8 32. f5 exf5 33. Bxf5 Ng6 34. Qc2 Re8 35. Ra3 Qe7 36. Bg4 Bg5 37. Bxg5 Qxg5 38. Rf3 Nhf4 39. Nxf4 Nxf4 40. Qf2 Re2 41. Qf1 Rxg2+ 42. Kh1 Rxg4 43. hxg4 1-0


[Site "https://www.chess.com"]

[Event "Titled Tuesday Blitz August 31 2021"]
[White "Ismagilov, Damir"]
[Black "Girinath, P.D.S."]
[WhiteFideId "34199982"]
[BlackFideId "5000572"]
[WhiteElo "2075"]
[BlackElo "2333"]
[Result "0-1"]
[Round "05"]
[TimeControl "180+1"]
[Date "2021.08.31"]
[WhiteClock "0:00:44"]
[BlackClock "0:00:29"]

1. e4 e6 2. d3 d5 3. Qe2 dxe4 4. dxe4 e5 5. g3 Nc6 6. Bg2 b6 7. c3 a5 8. Qb5 Qd6 9. Qd5 Nf6 10. Qxd6 Bxd6 11. Bg5 Nd7 12. Ne2 Ba6 13. Nd2 Nc5 14. Nc1 f6 15. Be3 O-O-O 16. Bf1 Bxf1 17. Kxf1 Ne6 18. Ke2 Bc5 19. Nd3 Bxe3 20. Kxe3 Rd7 21. Rhd1 Rhd8 22. Nf3 Nc5 23. Nfe1 a4 24. Ke2 Nxe4 25. f3 Nd6 26. b3 Nb5 27. Rdc1 axb3 28. axb3 Kb7 29. h4 f5 30. Rc2 e4 31. fxe4 fxe4 32. Nf4 Ne5 33. Ke3 Nd6 34. Rca2 Ng4+ 35. Ke2 Nf5 36. Ne6 Nxg3# 0-1


[Site "https://www.chess.com"]

[Event "Titled Tuesday Blitz August 31 2021"]
[White "Ivanchuk, Vasyl"]
[Black "Firat, Burak"]
[WhiteFideId "14100010"]
[BlackFideId "6305881"]
[WhiteElo "2710"]
[BlackElo "2531"]
[Result "1-0"]
[Round "05"]
[TimeControl "180+1"]
[Date "2021.08.31"]
[WhiteClock "0:00:06"]
[BlackClock "0:00:06"]

1. e4 e5 2. Nf3 Nc6 3. d4 exd4 4. c3 d5 5. exd5 Qxd5 6. cxd4 Bb4+ 7. Nc3 Bg4 8. Be2 Bxf3 9. Bxf3 Qc4 10. Qb3 Qxb3 11. axb3 Nge7 12. Be3 O-O-O 13. O-O a6 14. Ra4 Bd6 15. Rd1 Rhe8 16. g3 Kb8 17. Kf1 Na7 18. Be2 Nac8 19. Raa1 Nb6 20. Bf3 Nf5 21. Rd3 f6 22. Be4 Nxe3+ 23. fxe3 g6 24. Bf3 f5 25. Kf2 Nd7 26. Nb1 Nf6 27. Nd2 h5 28. Nc4 c6 29. Nxd6 Rxd6 30. h4 Ne4+ 31. Bxe4 Rxe4 32. Rc1 Rd5 33. Rc4 Kc7 34. b4 Kd6 35. Rdc3 Rb5 36. Kf3 Re8 37. Kf2 Ra8 38. Kf3 a5 39. Ra3 Ra6 40. Rxa5 Raxa5 41. bxa5 Rxb2 42. Ra4 Rb1 43. a6 bxa6 44. Rxa6 Rf1+ 45. Ke2 Rg1 46. Kf2 Rc1 47. Ra7 Ke6 48. Rc7 Kd5 49. Kf3 Rf1+ 50. Ke2 Rg1 51. Kf2 Rc1 52. Rg7 Ke4 53. Re7+ Kd3 54. Re6 Rc2+ 55. Kf3 Re2 56. Kf4 Re1 57. Rxg6 Rxe3 58. Rxc6 Re4+ 59. Kxf5 Rxd4 60. Rh6 Ke3 61. Rxh5 Kf3 62. Rg5 Rd5+ 63. Ke6 Rd2 64. h5 Re2+ 65. Kf6 Ra2 66. Rg6 Ra6+ 67. Kg7 Ra7+ 68. Kh6 Ke4 69. g4 Kf4 70. Rg8 Ra6+ 71. Kh7 Ke5 72. h6 Kf6 73. Rg6+ Kf7 74. Rxa6 1-0


[Site "https://www.chess.com"]

[Event "Titled Tuesday Blitz August 31 2021"]
[White "Jaracz, Pawel"]
[Black "Urjubdshzirov, Erdni"]
[WhiteFideId "1102222"]
[BlackFideId "4186451"]
[WhiteElo "2495"]
[BlackElo "2428"]
[Result "1-0"]
[Round "05"]
[TimeControl "180+1"]
[Date "2021.08.31"]
[WhiteClock "0:01:19"]
[BlackClock "0:00:12"]

1. e4 c5 2. Nf3 e6 3. d4 cxd4 4. Nxd4 Nc6 5. Nc3 Qc7 6. Nb3 a6 7. Bd3 b5 8. O-O Bb7 9. f4 h5 10. Be3 Nf6 11. Kh1 Ng4 12. Bg1 b4 13. Na4 Be7 14. Qe2 d6 15. h3 Nf6 16. Rac1 Nd7 17. c3 bxc3 18. Rxc3 Qb8 19. Rcc1 Nb4 20. Bb1 Bc6 21. Nc3 Bb7 22. Na5 Nc6 23. Nxb7 Qxb7 24. f5 Nde5 25. fxe6 fxe6 26. a3 O-O-O 27. Ba2 Kb8 28. Bxe6 Rhf8 29. Rxf8 Rxf8 30. Bd5 Qd7 31. Qxa6 Qb7 32. Qxb7+ Kxb7 33. Nb5 Rc8 34. Na7 Rc7 35. b4 1-0


[Site "https://www.chess.com"]

[Event "Titled Tuesday Blitz August 31 2021"]
[White "Jobava, Baadur"]
[Black "Cunha, Lucas Aguiar"]
[WhiteFideId "13601520"]
[BlackFideId "2125404"]
[WhiteElo "2748"]
[BlackElo "2361"]
[Result "1-0"]
[Round "05"]
[TimeControl "180+1"]
[Date "2021.08.31"]
[WhiteClock "0:00:35"]
[BlackClock "0:00:12"]

1. e4 c5 2. c4 Nc6 3. Ne2 Nf6 4. Nbc3 e6 5. d4 cxd4 6. Nxd4 Bb4 7. Nxc6 bxc6 8. Bd3 e5 9. O-O O-O 10. Na4 d5 11. cxd5 cxd5 12. exd5 Qxd5 13. a3 Bb7 14. Bxh7+ Kxh7 15. Qxd5 Nxd5 16. axb4 Nxb4 17. Bd2 Nd3 18. Bc3 Rfe8 19. f3 f5 20. Rfd1 e4 21. Rxd3 exd3 22. Nc5 Bd5 23. Nxd3 Bc4 24. Ne5 Be6 25. h4 Red8 26. Kf2 Rd5 27. Kg3 a5 28. Nc4 f4+ 29. Kxf4 Rf5+ 30. Ke4 Rh5 31. Nxa5 Rxh4+ 32. Ke3 Rh5 33. Ra3 g5 34. b4 Rh2 35. Kf2 Kg6 36. Ra1 g4 37. Kg3 Rh5 38. Re1 Kf7 39. f4 Rd5 40. Re3 Rad8 41. Nc6 R8d7 42. Ne5+ Kg8 43. Nxd7 Bxd7 44. Kh4 Kf7 45. Be5 Kg6 46. Kg3 Rd2 47. Rc3 Be6 48. Rc6 Kf5 49. b5 Ra2 50. Rc5 Ke4 51. b6 1-0


[Site "https://www.chess.com"]

[Event "Titled Tuesday Blitz August 31 2021"]
[White "Kamsky, Gata"]
[Black "Abdusattorov, Nodirbek"]
[WhiteFideId "2000024"]
[BlackFideId "14204118"]
[WhiteElo "2644"]
[BlackElo "2662"]
[Result "1-0"]
[Round "05"]
[TimeControl "180+1"]
[Date "2021.08.31"]
[WhiteClock "0:02:21"]
[BlackClock "0:02:42"]

1. e4 e6 2. d4 d5 3. exd5 exd5 4. Nf3 Nc6 5. Bf4 Bd6 6. Bxd6 Qxd6 7. c3 Nge7 8. Bd3 Bf5 9. O-O O-O 10. Bxf5 Nxf5 11. Qd3 Nce7 12. Nbd2 Nc6 13. Qxf5 1-0


[Site "https://www.chess.com"]

[Event "Titled Tuesday Blitz August 31 2021"]
[White "Karttunen, Mika"]
[Black "Holt, Conrad"]
[WhiteFideId "502081"]
[BlackFideId "2034387"]
[WhiteElo "2343"]
[BlackElo "2586"]
[Result "0-1"]
[Round "05"]
[TimeControl "180+1"]
[Date "2021.08.31"]
[WhiteClock "0:00:02"]
[BlackClock "0:00:09"]

1. e4 e6 2. d4 d5 3. Nc3 Nf6 4. Bg5 dxe4 5. Nxe4 Be7 6. Bxf6 Bxf6 7. c3 Nd7 8. Nf3 Be7 9. Bb5 O-O 10. O-O a6 11. Ba4 b5 12. Bc2 Bb7 13. a4 Bd5 14. b3 c5 15. Qe2 c4 16. b4 a5 17. bxa5 Qxa5 18. Nfd2 Rfc8 19. Rfb1 b4 20. cxb4 Bxb4 21. Nf3 h6 22. h3 Rab8 23. Qe3 Rb6 24. Ne5 Nxe5 25. dxe5 Rcb8 26. Rd1 Be7 27. Qf4 Rb2 28. Rac1 Qb6 29. h4 Rd8 30. g3 Ba8 31. Nd6 Bxd6 32. exd6 Qc6 33. f3 Qc5+ 34. Kg2 e5 35. Qe4 Bxe4 0-1


[Site "https://www.chess.com"]

[Event "Titled Tuesday Blitz August 31 2021"]
[White "Khabinets, Ivan"]
[Black "Karthikeyan, Murali"]
[WhiteFideId "14115980"]
[BlackFideId "5074452"]
[WhiteElo "2114"]
[BlackElo "2564"]
[Result "0-1"]
[Round "05"]
[TimeControl "180+1"]
[Date "2021.08.31"]
[WhiteClock "0:00:22"]
[BlackClock "0:01:43"]

1. e4 c5 2. Be2 Nc6 3. f4 e5 4. Nf3 exf4 5. O-O Nf6 6. d3 Bd6 7. Nc3 O-O 8. Qe1 Bc7 9. Qh4 d5 10. Bxf4 dxe4 11. dxe4 Bxf4 12. Qxf4 Be6 13. Rad1 Qb6 14. e5 Ng4 15. Ne4 Qxb2 16. Rb1 Qxc2 17. Bb5 Nd4 18. Nxd4 cxd4 19. h3 Ne3 20. Qg5 Qxe4 0-1


[Site "https://www.chess.com"]

[Event "Titled Tuesday Blitz August 31 2021"]
[White "Khoroshev, Nikita"]
[Black "Guliev, Logman"]
[WhiteFideId "14200287"]
[BlackFideId "13400061"]
[WhiteElo "2328"]
[BlackElo "2128"]
[Result "1-0"]
[Round "05"]
[TimeControl "180+1"]
[Date "2021.08.31"]
[WhiteClock "0:00:11"]
[BlackClock "0:00:01"]

1. Nf3 c5 2. g3 Nc6 3. Bg2 g6 4. O-O Bg7 5. c3 d5 6. d4 cxd4 7. cxd4 Nf6 8. Ne5 O-O 9. Nxc6 bxc6 10. Nc3 Ba6 11. b3 c5 12. Bg5 cxd4 13. Bxf6 Bxf6 14. Nxd5 Bg7 15. Rc1 Rc8 16. Qd2 e5 17. Qb4 Rxc1 18. Rxc1 Bxe2 19. Ne7+ Kh8 20. Rc8 Qxc8 21. Nxc8 Rxc8 22. h4 d3 23. Qd6 f5 24. Bb7 Rf8 25. Ba6 e4 26. Bc4 Bf3 27. a4 a5 28. Qd5 Bc3 29. Qc5 Rd8 30. Qe7 Rb8 31. Qc7 Rf8 32. Bxd3 exd3 33. Qxc3+ Kg8 34. Qxd3 Be4 35. Qb5 Rd8 36. f3 Bxf3 37. Qxa5 Rd1+ 38. Kf2 Bg4 39. Qc3 Rb1 40. a5 f4 41. gxf4 1-0


[Site "https://www.chess.com"]

[Event "Titled Tuesday Blitz August 31 2021"]
[White "Kovalev, Vladislav"]
[Black "Le, Tuan Minh"]
[WhiteFideId "13504398"]
[BlackFideId "12401153"]
[WhiteElo "2573"]
[BlackElo "2450"]
[Result "0-1"]
[Round "05"]
[TimeControl "180+1"]
[Date "2021.08.31"]
[WhiteClock "0:00:03"]
[BlackClock "0:00:05"]

1. e4 c5 2. Nf3 Nf6 3. e5 Nd5 4. Nc3 e6 5. b3 Nxc3 6. dxc3 d5 7. exd6 Bxd6 8. Bb5+ Nc6 9. Bxc6+ bxc6 10. Be3 O-O 11. Qd2 Qe7 12. O-O e5 13. Rad1 Bc7 14. Ng5 Bf5 15. f3 Rfd8 16. Qe2 c4 17. Qxc4 Bxc2 18. Rxd8+ Rxd8 19. Qxc6 h6 20. Ne4 f5 21. Nc5 Bb6 22. b4 Qf7 23. Re1 Qc4 24. Qe6+ Qxe6 25. Nxe6 Rd1 26. Bxb6 Rxe1+ 27. Kf2 Ra1 28. Bc7 Rxa2 29. Kg3 f4+ 30. Kg4 Bb3 31. Nc5 Bc4 32. Bxe5 Rxg2+ 33. Kxf4 Rxh2 34. Ke4 Re2+ 35. Kd4 Bb5 36. f4 Rd2+ 37. Ke3 Rd1 38. Ne6 g6 39. Nd4 Bc4 40. f5 gxf5 41. Nxf5 h5 42. Nd6 Be6 43. c4 h4 44. Ne4 Re1+ 45. Kd4 h3 46. Nf6+ Kf7 47. Bb8 Kxf6 0-1


[Site "https://www.chess.com"]

[Event "Titled Tuesday Blitz August 31 2021"]
[White "Kowalczyk, Pawel"]
[Black "Federzoni, Enzo"]
[WhiteFideId "1130641"]
[BlackFideId "2173301"]
[WhiteElo "2325"]
[BlackElo "1956"]
[Result "1/2-1/2"]
[Round "05"]
[TimeControl "180+1"]
[Date "2021.08.31"]
[WhiteClock "0:00:06"]
[BlackClock "0:00:05"]

1. a3 Nf6 2. c4 g6 3. g3 Bg7 4. Bg2 O-O 5. Nc3 c6 6. Nf3 d5 7. cxd5 cxd5 8. d4 Nc6 9. O-O Ne4 10. Bf4 Nxc3 11. bxc3 Na5 12. Ne5 e6 13. h4 h5 14. e3 b6 15. Qe2 Bb7 16. Rab1 Rc8 17. Rfc1 Bxe5 18. Bxe5 f6 19. Bf4 g5 20. hxg5 fxg5 21. Be5 g4 22. e4 Nc4 23. Bf4 Nxa3 24. Ra1 Nc4 25. Rxa7 Bc6 26. exd5 Bxd5 27. Qd3 Rf5 28. Be4 Bxe4 29. Qxe4 Qd5 30. Re1 Qxe4 31. Rxe4 Rf7 32. Ra4 Nb2 33. Rb4 Nd3 34. Rxb6 Nxf4 35. gxf4 Rxc3 36. Rbxe6 Rf3 37. d5 R3xf4 38. R4e5 Rxf2 39. Re8+ Kg7 40. Rg5+ Kh6 41. Rgg8 Rd2 42. Re5 Rb7 43. Rf8 Rb1+ 44. Rf1 Rxf1+ 45. Kxf1 h4 46. Ke1 Rd4 47. Kf2 Kg6 48. Kg2 Kf6 49. Rh5 Rd2+ 50. Kg1 h3 51. Kh1 Kg6 52. Re5 g3 53. Re1 Kg5 54. Kg1 Kg4 55. Kh1 Rxd5 56. Ra1 Rd2 57. Ra4+ Kf3 58. Ra3+ Kf2 59. Ra1 Re2 60. Rf1+ Ke3 61. Ra1 Rd2 62. Re1+ Kd3 63. Ra1 Kc2 64. Ra2+ Kc3 65. Ra3+ Kb2 66. Rxg3 Kc1 67. Rxh3 Rd1+ 68. Kg2 Rd5 69. Kf1 Kd2 70. Kg2 Ke2 71. Rg3 Re5 72. Rg4 Kd3 73. Kg3 Re4 74. Kh4 Rxg4+ 75. Kxg4 1/2-1/2


[Site "https://www.chess.com"]

[Event "Titled Tuesday Blitz August 31 2021"]
[White "Kozak, Antoni"]
[Black "Maksimovic, Bojan"]
[WhiteFideId "21832030"]
[BlackFideId "14408120"]
[WhiteElo "2289"]
[BlackElo "2439"]
[Result "1-0"]
[Round "05"]
[TimeControl "180+1"]
[Date "2021.08.31"]
[WhiteClock "0:00:19"]
[BlackClock "0:00:02"]

1. d4 Nf6 2. Bf4 d6 3. e3 Nbd7 4. h3 e5 5. Bh2 g6 6. c4 Bg7 7. Nc3 O-O 8. Nf3 exd4 9. exd4 Re8+ 10. Be2 Ne4 11. Nxe4 Rxe4 12. O-O Nf6 13. Bd3 Re8 14. Qc2 Bd7 15. Rfe1 Rxe1+ 16. Rxe1 Qf8 17. b4 Re8 18. Qd2 Rxe1+ 19. Qxe1 Qe8 20. Kf1 Kf8 21. Qxe8+ Bxe8 22. b5 Ke7 23. a4 b6 24. Ke2 Bd7 25. Bf4 h6 26. Bd2 Bc8 27. a5 Bb7 28. a6 Bc8 29. Be3 Be6 30. Ne1 Ne8 31. Nc2 Bd7 32. Nb4 Nf6 33. f3 Kd8 34. Be4 Nh5 35. g4 Nf6 36. Bc6 Be6 37. Kd3 Bc8 38. Bd5 Nxd5 39. cxd5 Bd7 40. Kc4 h5 41. Nc6+ Bxc6 42. dxc6 hxg4 43. fxg4 Ke7 44. Kd5 Bf6 45. Bf2 Bg5 46. h4 Bd2 47. h5 Bg5 48. Bg3 Bc1 49. Bh4+ Ke8 50. Bf6 1-0


[Site "https://www.chess.com"]

[Event "Titled Tuesday Blitz August 31 2021"]
[White "Krysa, Leandro"]
[Black "Yeletsky, Ivan"]
[WhiteFideId "116807"]
[BlackFideId "24180327"]
[WhiteElo "2490"]
[BlackElo "2344"]
[Result "0-1"]
[Round "05"]
[TimeControl "180+1"]
[Date "2021.08.31"]
[WhiteClock "0:00:06"]
[BlackClock "0:00:30"]

1. e4 e5 2. Nf3 Nc6 3. Bb5 a6 4. Ba4 Nf6 5. d3 d6 6. c3 Bd7 7. O-O Be7 8. Re1 O-O 9. Nbd2 Qe8 10. Nf1 Kh8 11. Ng3 Ng8 12. Bc2 g6 13. d4 Bf6 14. h3 Bg7 15. dxe5 dxe5 16. Be3 f6 17. Bc5 Nge7 18. Bb3 b6 19. Ba3 Na7 20. Qe2 Nb5 21. Bxe7 Qxe7 22. Rad1 Nd6 23. Bd5 c6 24. Bb3 Rfd8 25. Rd3 Nb7 26. Red1 Nc5 27. Rd6 Nb7 28. R6d3 Nc5 29. Rd6 Be8 30. Rxd8 Rxd8 31. Rxd8 Qxd8 32. Bc2 b5 33. b4 Ne6 34. Qd2 Qxd2 35. Nxd2 c5 36. Bb3 c4 37. Bc2 Bh6 38. Nb1 Kg7 39. Ne2 Bc6 40. h4 Nc7 41. Kf1 Ne8 42. a4 bxa4 43. Na3 Bb5 44. g3 Nd6 45. f4 Kf7 46. Kf2 Bc6 47. Ke3 Ke7 48. Ng1 exf4+ 49. gxf4 g5 50. fxg5 fxg5 51. h5 Bg7 52. Ne2 Be5 53. h6 Kf6 54. Kf3 Kg6 55. Ng3 Kxh6 56. Kg4 Bxg3 57. Kxg3 Bxe4 58. Bxa4 Bd3 59. Bd7 Kg6 60. Be6 Kf6 61. Bd7 h5 62. Be8 h4+ 63. Kh3 Kf5 64. Kh2 Kf4 65. Bd7 g4 66. b5 axb5 67. Nxb5 Nxb5 68. Bxb5 g3+ 69. Kh3 Kg5 70. Bd7 Bf5+ 0-1


[Site "https://www.chess.com"]

[Event "Titled Tuesday Blitz August 31 2021"]
[White "Kucuksari, Kaan"]
[Black "Nazaretyan, Tigran"]
[WhiteFideId "6380166"]
[BlackFideId "24162345"]
[WhiteElo "2300"]
[BlackElo "2167"]
[Result "1/2-1/2"]
[Round "05"]
[TimeControl "180+1"]
[Date "2021.08.31"]
[WhiteClock "0:00:15"]
[BlackClock "0:00:08"]

1. d4 Nf6 2. c4 c5 3. d5 b5 4. cxb5 a6 5. bxa6 Bxa6 6. Nc3 g6 7. e4 Bxf1 8. Kxf1 d6 9. g3 Bg7 10. Kg2 O-O 11. Nf3 Nbd7 12. a4 Qa5 13. Qe2 Rfb8 14. Bd2 Rxb2 15. Nd1 Rxd2 16. Nxd2 Nxe4 17. Nc4 Qb4 18. Ra2 Ndf6 19. a5 h5 20. h4 Ra7 21. Rb2 Qa4 22. Rb8+ Kh7 23. Nde3 Nc3 24. Qd3 Nd7 25. g4 Nxb8 26. gxh5 Nd7 27. hxg6+ fxg6 28. h5 Nf6 29. Qxg6+ Kh8 30. Rh4 Qe8 31. Qg5 Nce4 32. Qf5 Qd7 33. h6 Bf8 34. Qg6 Qe8 35. Qxe8 Nxe8 36. Rxe4 Nf6 37. Re6 Bxh6 38. Nf5 Bf8 39. Nfxd6 Nxd5 40. Nc8 Nf4+ 41. Kf3 Nxe6 42. Nxa7 Nc7 43. Nc6 Kg7 44. Nb8 Kf7 45. a6 Nb5 46. Nc6 Ke6 47. a7 Nc7 48. Ke4 Kd7 49. N4e5+ Kd6 50. Nb8 Bg7 51. Nc4+ Ke6 52. Nb6 Bd4 53. a8=Q Nxa8 54. Nxa8 Bxf2 55. Nc7+ Kd6 56. Nd5 e6 57. Nc3 Bd4 58. Na6 Bxc3 59. Nb8 Bd4 60. Na6 Kc6 61. Nb8+ Kb5 62. Nd7 Bg7 63. Kd3 c4+ 64. Kc2 Kc6 65. Nb8+ Kc7 66. Na6+ Kb6 67. Nb4 Kb5 68. Na2 e5 69. Nc3+ Kc5 70. Ne2 Kd5 71. Kd2 e4 72. Ke3 Bh6+ 73. Kf2 e3+ 74. Kf3 Kc5 75. Ke4 Kb4 76. Kd4 c3 77. Nxc3 Bg7+ 78. Kxe3 1/2-1/2


[Site "https://www.chess.com"]

[Event "Titled Tuesday Blitz August 31 2021"]
[White "Liyanage, Ranindu Dilshan"]
[Black "Eswaran, Ashritha"]
[WhiteFideId "9915834"]
[BlackFideId "2080788"]
[WhiteElo "1839"]
[BlackElo "2430"]
[Result "0-1"]
[Round "05"]
[TimeControl "180+1"]
[Date "2021.08.31"]
[WhiteClock "0:00:06"]
[BlackClock "0:00:39"]

1. e4 c5 2. Nf3 d6 3. d4 cxd4 4. Nxd4 Nf6 5. Nc3 g6 6. h3 Bg7 7. g4 b6 8. Bg2 Bb7 9. Be3 O-O 10. O-O Nfd7 11. Nd5 Nc6 12. c4 Nde5 13. b3 e6 14. Nc3 Nxd4 15. Bxd4 g5 16. Qd2 f5 17. exf5 Bxg2 18. Kxg2 exf5 19. f4 gxf4 20. Rxf4 fxg4 21. Raf1 gxh3+ 22. Kxh3 Qd7+ 23. Kg3 Rxf4 24. Rxf4 Qe6 25. Nd5 Re8 26. Qf2 Nd3 27. Qf3 Nxf4 28. Nxf4 Qe4 29. Qh5 Rf8 30. Qg5 Qxd4 31. Ne6 Qe5+ 0-1


[Site "https://www.chess.com"]

[Event "Titled Tuesday Blitz August 31 2021"]
[White "Maiorov, Nikita"]
[Black "Rakhmanov, Aleksandr"]
[WhiteFideId "13501720"]
[BlackFideId "4173708"]
[WhiteElo "2440"]
[BlackElo "2498"]
[Result "0-1"]
[Round "05"]
[TimeControl "180+1"]
[Date "2021.08.31"]
[WhiteClock "0:00:01"]
[BlackClock "0:00:21"]

1. d4 Nf6 2. c4 d6 3. Nf3 g6 4. g3 Bg7 5. Bg2 c6 6. O-O Bf5 7. b3 O-O 8. Bb2 a5 9. Nc3 Ne4 10. Nh4 Nxc3 11. Bxc3 Bg4 12. h3 Be6 13. Rc1 d5 14. Qd3 a4 15. cxd5 Bxd5 16. Qc2 Bxg2 17. Nxg2 axb3 18. axb3 Na6 19. Rfd1 Nc7 20. e3 Nd5 21. Be1 Qd7 22. Kh2 Rfd8 23. f3 Qd6 24. e4 Nc7 25. Bf2 Rac8 26. Rb1 Nb5 27. Qd2 Nxd4 28. Bxd4 Qxd4 29. Qe2 Qc3 30. Rdc1 Qd2 31. Rc2 Qxe2 32. Rxe2 Rd3 33. f4 Ra8 34. Ne1 Rc3 35. b4 Raa3 36. Rg2 Bd4 37. Nc2 e5 38. Nxa3 Rxa3 39. b5 c5 40. Rc2 Re3 41. fxe5 Rxe4 42. e6 Rxe6 43. Ra2 h5 44. Ra8+ Kg7 45. b6 c4 46. Kh1 c3 47. Rc8 Re2 48. Rc1 Rb2 0-1


[Site "https://www.chess.com"]

[Event "Titled Tuesday Blitz August 31 2021"]
[White "Martin Duque, Jesus"]
[Black "Moroni, Luca Jr"]
[WhiteFideId "2208954"]
[BlackFideId "865834"]
[WhiteElo "2224"]
[BlackElo "2491"]
[Result "1/2-1/2"]
[Round "05"]
[TimeControl "180+1"]
[Date "2021.08.31"]
[WhiteClock "0:00:11"]
[BlackClock "0:00:13"]

1. Nf3 g6 2. d4 Bg7 3. e3 d6 4. Be2 b6 5. O-O Bb7 6. b3 Nd7 7. Bb2 Ngf6 8. c4 O-O 9. Nc3 e5 10. dxe5 Nxe5 11. Nxe5 dxe5 12. Qxd8 Rfxd8 13. Rfd1 a6 14. f3 Kf8 15. Kf2 Ke8 16. h3 Rxd1 17. Rxd1 Rd8 18. Rxd8+ Kxd8 19. g4 h5 20. g5 Nd7 21. h4 Bf8 22. Nd5 a5 23. Bd3 Bd6 24. Ke2 Nc5 25. Bc2 Ba6 26. Kd2 Bc8 27. Nc3 Bb7 28. Ke2 Kd7 29. Nb5 Ke6 30. Nxd6 cxd6 31. e4 Ba6 32. Ke3 Kd7 33. f4 exf4+ 34. Kxf4 Ne6+ 35. Ke3 Bb7 36. e5 d5 37. Bd3 Bc6 38. Bd4 Kc7 39. a3 Kb7 40. b4 axb4 41. axb4 dxc4 42. Bxc4 b5 43. Bb3 Kc7 44. Bc5 Kd7 45. Bd6 Ke8 46. Bc2 Ng7 47. Bd3 Kd7 48. Kd4 Ne6+ 49. Ke3 Ke8 50. Be2 Ng7 51. Bd3 Bd7 52. Be2 Nf5+ 53. Kf4 Nxh4 54. Bd3 Nf5 55. Bxf5 Bxf5 56. Kg3 Kd7 57. Kh4 Ke6 58. Bb8 Kd5 59. Bd6 Kc4 60. Be7 Kd3 61. Bd6 Kd4 62. Bc7 Be6 63. Bd6 Kc4 64. Be7 Kb3 65. Bd6 Ka3 66. Be7 Ka4 67. Bd6 Kb3 68. Be7 Ka4 69. Bd6 Kb3 70. Be7 Ka4 1/2-1/2


[Site "https://www.chess.com"]

[Event "Titled Tuesday Blitz August 31 2021"]
[White "Mikhailovsky, Vladimir"]
[Black "Visakh N R"]
[WhiteFideId "34105414"]
[BlackFideId "25012223"]
[WhiteElo "2315"]
[BlackElo "2428"]
[Result "1-0"]
[Round "05"]
[TimeControl "180+1"]
[Date "2021.08.31"]
[WhiteClock "0:00:08"]
[BlackClock "0:00:04"]

1. e4 e5 2. Nf3 Nc6 3. Nc3 Nf6 4. d4 exd4 5. Nxd4 Bb4 6. Nxc6 bxc6 7. Bd3 O-O 8. O-O Re8 9. Bg5 h6 10. Bh4 Rb8 11. Re1 Be7 12. e5 Nd5 13. Bxe7 Qxe7 14. Nxd5 cxd5 15. b3 Bb7 16. Qg4 c5 17. Re3 d4 18. Re2 Qe6 19. Bf5 Qd5 20. Be4 Qe6 21. Bf5 Qd5 22. Rae1 Re7 23. Be4 Qe6 24. Bf5 Qd5 25. h3 Qc6 26. Bd3 Rbe8 27. f4 Ba6 28. f5 f6 29. exf6 Qxf6 30. Rxe7 Rxe7 31. Rxe7 Bxd3 32. Rxg7+ Qxg7 33. Qxg7+ Kxg7 34. cxd3 Kf6 35. g4 Kg5 36. Kf2 h5 37. Kg3 d5 38. a3 a6 39. h4+ Kf6 40. a4 Ke5 41. gxh5 Kxf5 42. h6 Kg6 43. Kf4 Kxh6 44. Ke5 c4 45. Kxd4 cxb3 46. Kc3 Kh5 47. Kxb3 Kxh4 48. Kc3 Kg4 49. Kd4 Kf3 50. Kxd5 Ke3 51. d4 Kd3 52. Kc5 1-0


[Site "https://www.chess.com"]

[Event "Titled Tuesday Blitz August 31 2021"]
[White "Mikhalsky, Vladimir"]
[Black "Siva Mahadevan"]
[WhiteFideId "14144352"]
[BlackFideId "25043153"]
[WhiteElo "2248"]
[BlackElo "2203"]
[Result "0-1"]
[Round "05"]
[TimeControl "180+1"]
[Date "2021.08.31"]
[WhiteClock "0:00:03"]
[BlackClock "0:01:08"]

1. c4 Nf6 2. Nc3 e6 3. e4 e5 4. g3 Nc6 5. Bg2 Bc5 6. Nge2 a6 7. O-O d6 8. h3 h5 9. d3 h4 10. g4 Nxg4 11. hxg4 Bxg4 12. Kh2 h3 13. Bh1 Qd7 14. f3 Be6 15. Nd5 O-O-O 16. a3 f5 17. b4 Bd4 18. Rb1 b5 19. cxb5 axb5 20. a4 fxe4 21. dxe4 Ba7 22. axb5 Nd4 23. b6 cxb6 24. Nxd4 exd4 25. Qxd4 b5 26. Nb6+ Kb7 27. Be3 Qc7 28. Rfc1 Bc4 29. f4 Bxb6 30. e5+ d5 31. Qxb6+ Qxb6 32. Bxb6 Kxb6 33. Rg1 Rh7 34. Rg3 Ra8 35. Bf3 Ra2+ 36. Kh1 h2 37. Rg2 Ra3 38. Bg4 Bd3 39. Rd1 Be4 40. Be2 Bxg2+ 41. Kxg2 Ra2 42. Kf3 h1=Q+ 43. Rxh1 Rxh1 44. Kg2 Re1 0-1


[Site "https://www.chess.com"]

[Event "Titled Tuesday Blitz August 31 2021"]
[White "Miszler, Levente"]
[Black "Shahade, Gregory"]
[WhiteFideId "763276"]
[BlackFideId "2009064"]
[WhiteElo "1967"]
[BlackElo "2662"]
[Result "0-1"]
[Round "05"]
[TimeControl "180+1"]
[Date "2021.08.31"]
[WhiteClock "0:00:57"]
[BlackClock "0:01:11"]

1. Nf3 Nf6 2. c4 g6 3. g3 Bg7 4. Bg2 d5 5. O-O O-O 6. d4 dxc4 7. Na3 c3 8. bxc3 c5 9. Nc4 Nc6 10. Nfe5 Be6 11. Nxc6 bxc6 12. Ne5 Bd5 13. Nxc6 Qd6 14. Bxd5 Nxd5 15. Ne5 Nxc3 16. Qd3 Qxd4 17. Qxd4 Nxe2+ 18. Kg2 Nxd4 19. Nd7 Rfc8 20. Bf4 g5 21. Be5 f6 22. Bxd4 cxd4 23. f4 Rc7 0-1


[Site "https://www.chess.com"]

[Event "Titled Tuesday Blitz August 31 2021"]
[White "Mukhutdinov, Tigran"]
[Black "Mekhitarian, Krikor Sevag"]
[WhiteFideId "34108570"]
[BlackFideId "2107660"]
[WhiteElo "2154"]
[BlackElo "2598"]
[Result "1-0"]
[Round "05"]
[TimeControl "180+1"]
[Date "2021.08.31"]
[WhiteClock "0:00:56"]
[BlackClock "0:00:03"]

1. Nf3 d5 2. g3 Nf6 3. Bg2 Bg4 4. c4 c6 5. Ne5 Be6 6. cxd5 Bxd5 7. Nf3 c5 8. Nc3 Bc6 9. O-O Nbd7 10. d3 e5 11. Ng5 Bxg2 12. Qb3 Qe7 13. Kxg2 h6 14. Nge4 Nxe4 15. dxe4 Nf6 16. Rd1 Qc7 17. Qb5+ Nd7 18. Nd5 Qc8 19. Be3 a6 20. Qa5 Bd6 21. Nb6 Qc7 22. Nc4 Qxa5 23. Nxa5 Be7 24. Nxb7 Rb8 25. Nd6+ Bxd6 26. Rxd6 Rxb2 27. Rxa6 O-O 28. Rd1 Nf6 29. Kf3 Rc8 30. Rc1 c4 31. Ra3 Rb4 32. Rcc3 h5 33. h3 Ne8 34. Ra5 f6 35. Rc5 Rxc5 36. Bxc5 Ra4 37. a3 Nc7 38. Bb4 Nb5 39. Rxc4 Nxa3 40. Rc8+ Kh7 41. Bf8 Ra7 42. Bc5 Nb5 43. Bxa7 1-0


[Site "https://www.chess.com"]